[Event "Titled Tuesday Blitz February 14 Late 2023"]
[White "Naroditsky, Daniel"]
[Black "Makridis, Dimitrios"]
[WhiteFideId "2026961"]
[BlackFideId "25864475"]
[WhiteElo "2618"]
[BlackElo "2356"]
[Result "1-0"]
[Round "03"]
[TimeControl "180+2"]
[Date "2023.02.14"]
[WhiteClock "0:00:04"]
[BlackClock "0:00:03"]

1. e4 c5 2. c3 Nf6 3. e5 Nd5 4. Nf3 e6 5. d4 cxd4 6. cxd4 d6 7. Bc4 Nc6 8. O-O Be7 9. Qe2 O-O 10. Rd1 Na5 11. Bd3 Nb4 12. exd6 Bxd6 13. Be4 f5 14. Bc2 Nxc2 15. Qxc2 Nc6 16. Nc3 Ne7 17. Bg5 h6 18. Bxe7 Qxe7 19. Ne5 Qf6 20. Re1 a6 21. a4 b6 22. Qb3 Rb8 23. Rac1 Kh7 24. Nc6 Rb7 25. d5 e5 26. Qc4 Rc7 27. b4 Bd7 28. Qxa6 e4 29. Nb5 Rcc8 30. Nxd6 Qxd6 31. Qxb6 f4 32. Qd4 f3 33. Qxe4+ Kh8 34. Qe5 Qg6 35. Qg3 Qf6 36. gxf3 Bxc6 37. dxc6 Rxc6 38. Rxc6 Qxc6 39. b5 Qc3 40. Qe5 Qb4 41. Qe4 Qa5 42. Qe7 Rf6 43. Qe8+ Kh7 44. Qe4+ Rg6+ 45. Kh1 h5 46. Rg1 Qb6 47. Qxg6+ Qxg6 48. Rxg6 Kxg6 49. b6 1-0


[Site "https://www.chess.com"]

[Event "Titled Tuesday Blitz February 14 Late 2023"]
[White "Pichot, Alan"]
[Black "Yu, Yangyi"]
[WhiteFideId "110973"]
[BlackFideId "8603820"]
[WhiteElo "2638"]
[BlackElo "2729"]
[Result "0-1"]
[Round "03"]
[TimeControl "180+2"]
[Date "2023.02.14"]
[WhiteClock "0:00:39"]
[BlackClock "0:00:44"]

1. e4 e5 2. Nf3 Nc6 3. Bc4 Nf6 4. d3 Bc5 5. O-O O-O 6. Nc3 h6 7. h3 a6 8. Be3 Bxe3 9. fxe3 d6 10. Nd2 Na5 11. Bb3 Nxb3 12. axb3 Be6 13. Qf3 c6 14. Rf2 b5 15. Raf1 Nd7 16. Qg3 Qg5 17. Kh2 a5 18. Nf3 Qxg3+ 19. Kxg3 a4 20. b4 a3 21. b3 Rfb8 22. d4 f6 23. Na2 c5 24. bxc5 dxc5 25. Rd1 cxd4 26. exd4 exd4 27. Nxd4 Nc5 28. Re2 Rd8 29. Kf3 Nxb3 30. cxb3 Bxb3 31. Rd3 Bc4 32. Ke3 Bxd3 33. Kxd3 Ra4 0-1


[Site "https://www.chess.com"]

[Event "Titled Tuesday Blitz February 14 Late 2023"]
[White "Mamedov, Rauf"]
[Black "Ahmadzada, Ahmad"]
[WhiteFideId "13401653"]
[BlackFideId "13413007"]
[WhiteElo "2646"]
[BlackElo "2488"]
[Result "1/2-1/2"]
[Round "03"]
[TimeControl "180+2"]
[Date "2023.02.14"]
[WhiteClock "0:00:08"]
[BlackClock "0:00:06"]

1. e4 e5 2. Nc3 Nf6 3. g3 d5 4. exd5 Nxd5 5. Bg2 Nxc3 6. bxc3 Nc6 7. Nf3 Bc5 8. O-O O-O 9. Re1 Re8 10. d3 h6 11. Rb1 Bb6 12. Be3 Bf5 13. Nd2 Qd7 14. Ne4 Rad8 15. Qc1 Bxe3 16. fxe3 b6 17. Rf1 Be6 18. Qa3 f5 19. Nd2 e4 20. d4 Ne5 21. Qa6 Qc6 22. Qa3 Ng4 23. Rbe1 Nf6 24. c4 Bxc4 25. Rxf5 Be6 26. Rf2 Qd6 27. Qxd6 Rxd6 28. Rxf6 gxf6 29. Nxe4 Bxa2 30. Nxd6 cxd6 31. Ra1 Bc4 32. Rxa7 Rxe3 33. Rc7 b5 34. Bc6 Re1+ 35. Kg2 Re2+ 36. Kg1 Re1+ 37. Kf2 Re2+ 38. Kg1 d5 39. Rb7 Rxc2 40. Bxb5 Rd2 41. Bxc4 dxc4 42. Rc7 Rxd4 43. Kf2 Kf8 44. Ke3 Rd3+ 45. Ke4 Rd2 46. h4 Rg2 47. Kf3 Rc2 48. Ke3 Rg2 49. Kf3 Rc2 50. Ke4 Rg2 51. Kf5 Rxg3 52. Kxf6 Rf3+ 53. Kg6 c3 54. Kxh6 Rg3 55. h5 Kg8 56. Rc8+ Kf7 57. Kh7 Rg7+ 58. Kh8 Rg3 59. h6 Rh3 60. h7 Rg3 61. Rc7+ Kf8 62. Rc4 Kf7 63. Rf4+ Ke7 64. Rc4 Kf7 65. Rc8 Rh3 66. Rc7+ Kf8 67. Rc4 Kf7 68. Rf4+ Ke7 69. Kg7 Rg3+ 70. Kh6 Rh3+ 71. Kg6 Rg3+ 72. Kh5 Rh3+ 73. Kg6 Rg3+ 74. Kh5 Rh3+ 75. Rh4 Rxh4+ 76. Kxh4 c2 77. h8=Q c1=Q 78. Qe5+ Kd7 79. Qf5+ Kd6 80. Qg6+ Kd7 81. Qg4+ Kc7 82. Qg3+ Kc8 83. Qg4+ Kb8 84. Qg3+ Qc7 85. Qxc7+ Kxc7 1/2-1/2


[Site "https://www.chess.com"]

[Event "Titled Tuesday Blitz February 14 Late 2023"]
[White "Baskakov, Egor"]
[Black "Andreikin, Dmitry"]
[WhiteFideId "24197866"]
[BlackFideId "4158814"]
[WhiteElo "2215"]
[BlackElo "2729"]
[Result "0-1"]
[Round "03"]
[TimeControl "180+2"]
[Date "2023.02.14"]
[WhiteClock "0:00:04"]
[BlackClock "0:00:03"]

1. e4 c5 2. Nf3 e6 3. Be2 Nc6 4. c4 e5 5. Nc3 d6 6. O-O g6 7. d3 Bg7 8. Ne1 Nge7 9. f4 O-O 10. Nc2 Be6 11. Be3 exf4 12. Bxf4 a6 13. Rb1 b5 14. Nd5 Nd4 15. Nxd4 Bxd4+ 16. Kh1 bxc4 17. dxc4 Nc6 18. b4 Bxd5 19. cxd5 Ne5 20. bxc5 dxc5 21. Qa4 Qe7 22. Rb6 Rfb8 23. d6 Qe6 24. Rxa6 Rxa6 25. Qxa6 Rb2 26. Bxe5 Bxe5 27. Bc4 Qxd6 28. Qc8+ Qf8 29. Bxf7+ Kg7 30. Qd7 Qd6 31. Qa7 Qc7 32. Qa3 Bd4 33. Qf3 Rb6 34. Bxg6 hxg6 35. Qf8+ Kh7 36. Rf7+ Qxf7 37. Qxf7+ Bg7 38. h4 Rb4 39. e5 Rxh4+ 40. Kg1 Re4 41. e6 Kh6 42. e7 Bd4+ 43. Kf1 Rh4 44. e8=Q Rg4 45. Qef8+ Kh5 46. Qf3 Kg5 47. Q8f4+ Rxf4 48. Ke2 Rxf3 49. Kxf3 Kf5 0-1


[Site "https://www.chess.com"]

[Event "Titled Tuesday Blitz February 14 Late 2023"]
[White "Sarana, Alexey"]
[Black "Pakleza, Zbigniew"]
[WhiteFideId "24133795"]
[BlackFideId "1119290"]
[WhiteElo "2685"]
[BlackElo "2494"]
[Result "1-0"]
[Round "03"]
[TimeControl "180+2"]
[Date "2023.02.14"]
[WhiteClock "0:00:02"]
[BlackClock "0:00:03"]

1. c4 c6 2. e4 d5 3. exd5 cxd5 4. d4 Nf6 5. Nc3 e6 6. Nf3 Bb4 7. Bd3 dxc4 8. Bxc4 Qc7 9. Qb3 Bxc3+ 10. bxc3 O-O 11. O-O Nbd7 12. Bg5 b6 13. Be2 Bb7 14. c4 Rac8 15. Rac1 Be4 16. Bh4 Rfd8 17. Rfd1 Qb7 18. h3 h6 19. Ne5 Nxe5 20. dxe5 Rxd1+ 21. Rxd1 Nd7 22. Qg3 Nf8 23. f3 Ng6 24. fxe4 Qxe4 25. Bg4 h5 26. Bxh5 Qxh4 27. Qxh4 Nxh4 28. Rd7 g6 29. Be2 a5 30. Rd6 Rb8 31. g4 g5 32. Rc6 Ng6 33. c5 bxc5 34. Rxc5 Rb2 35. Bc4 Rc2 36. a4 Nf4 37. Kf1 Kg7 38. Rc8 Nxh3 39. Ke1 1-0


[Site "https://www.chess.com"]

[Event "Titled Tuesday Blitz February 14 Late 2023"]
[White "Mekhitarian, Krikor Sevag"]
[Black "Paravyan, David"]
[WhiteFideId "2107660"]
[BlackFideId "4194985"]
[WhiteElo "2537"]
[BlackElo "2601"]
[Result "0-1"]
[Round "03"]
[TimeControl "180+2"]
[Date "2023.02.14"]
[WhiteClock "0:00:11"]
[BlackClock "0:00:40"]

1. Nf3 Nf6 2. c4 c5 3. Nc3 Nc6 4. g3 d5 5. cxd5 Nxd5 6. Bg2 Nxc3 7. bxc3 e5 8. O-O Be7 9. d3 O-O 10. Nd2 Be6 11. Rb1 Qd7 12. Qc2 Rab8 13. a4 Rfc8 14. Nc4 b6 15. Bxc6 Qxc6 16. Nxe5 Qd5 17. Nc4 Bh3 18. Ne3 Qc6 19. Rd1 Bg5 20. f3 Re8 21. Ng2 Bxc1 22. Rdxc1 Bxg2 23. Kxg2 Re3 24. c4 Rbe8 25. Re1 h5 26. a5 h4 27. axb6 axb6 28. Qb2 Qg6 29. Kf2 Qe6 30. g4 Qd6 31. Kg2 Qf4 32. Qc2 R8e6 33. Ra1 h3+ 34. Kg1 f5 35. Ra8+ Kh7 36. d4 Rg6 37. Kh1 Qxf3+ 0-1


[Site "https://www.chess.com"]

[Event "Titled Tuesday Blitz February 14 Late 2023"]
[White "Bluebaum, Matthias"]
[Black "Christiansen, Johan-Sebastian"]
[WhiteFideId "24651516"]
[BlackFideId "1512668"]
[WhiteElo "2669"]
[BlackElo "2579"]
[Result "1-0"]
[Round "03"]
[TimeControl "180+2"]
[Date "2023.02.14"]
[WhiteClock "0:00:55"]
[BlackClock "0:00:01"]

1. d4 Nf6 2. c4 c5 3. d5 b5 4. cxb5 a6 5. bxa6 g6 6. Nc3 Bxa6 7. e4 Bxf1 8. Kxf1 d6 9. g3 Bg7 10. Kg2 Nbd7 11. Nf3 O-O 12. a4 Ra6 13. Qc2 Qa8 14. Re1 Rc8 15. b3 Qb7 16. Rb1 e6 17. dxe6 fxe6 18. Nb5 d5 19. exd5 exd5 20. Bf4 Ne4 21. Ng5 Nxg5 22. Bxg5 Ne5 23. f4 d4+ 24. Qe4 Qxe4+ 25. Rxe4 Nf7 26. Rc1 c4 27. Rxc4 Rxc4 28. Re8+ Bf8 29. bxc4 Nxg5 30. fxg5 Kf7 31. Rc8 Rxa4 32. Nxd4 Ra2+ 33. Kh3 Bd6 34. Nb5 Be5 35. c5 Ra5 36. Nd6+ Bxd6 37. cxd6 Ke6 38. Rc7 Rxg5 39. Rxh7 Kxd6 40. Kh4 Re5 41. Rh6 Re6 42. Kg5 Re2 43. Rxg6+ Ke7 44. h4 Kf7 45. Ra6 1-0


[Site "https://www.chess.com"]

[Event "Titled Tuesday Blitz February 14 Late 2023"]
[White "Tsaruk, Maksim"]
[Black "Fedoseev, Vladimir"]
[WhiteFideId "13511173"]
[BlackFideId "24130737"]
[WhiteElo "2373"]
[BlackElo "2680"]
[Result "0-1"]
[Round "03"]
[TimeControl "180+2"]
[Date "2023.02.14"]
[WhiteClock "0:00:02"]
[BlackClock "0:02:11"]

1. e4 c6 2. Nf3 d5 3. Nc3 Bg4 4. h3 Bxf3 5. Qxf3 e6 6. Be2 g6 7. d4 Bg7 8. Be3 Ne7 9. O-O-O Qa5 10. Kb1 Nd7 11. g4 b5 12. Bd3 b4 13. Ne2 dxe4 14. Bxe4 Nd5 15. h4 h5 16. gxh5 Rxh5 17. Ng3 Nc3+ 18. bxc3 bxc3 19. Ka1 Rb8 20. Nxh5 Rb2 21. Nxg7+ Kd8 22. Nxe6+ Kc8 0-1


[Site "https://www.chess.com"]

[Event "Titled Tuesday Blitz February 14 Late 2023"]
[White "Salem, A.R. Saleh"]
[Black "Tanenbaum, Zachary"]
[WhiteFideId "9301348"]
[BlackFideId "2060850"]
[WhiteElo "2677"]
[BlackElo "2261"]
[Result "1-0"]
[Round "03"]
[TimeControl "180+2"]
[Date "2023.02.14"]
[WhiteClock "0:00:25"]
[BlackClock "0:00:01"]

1. d4 d5 2. c4 dxc4 3. Nf3 Nf6 4. Nc3 a6 5. e4 b5 6. e5 Nd5 7. a4 e6 8. axb5 Bb4 9. Bd2 Nb6 10. Be2 Bb7 11. bxa6 Rxa6 12. Rxa6 Nxa6 13. O-O O-O 14. Be3 Be7 15. Nd2 Qa8 16. f3 c5 17. dxc5 Bxc5 18. Bxc5 Nxc5 19. Nxc4 Nxc4 20. Bxc4 Rd8 21. Qe2 Qa7 22. Qe3 Qb6 23. Bb5 Rd2 24. Rf2 Rd8 25. b4 Nd7 26. Qxb6 Nxb6 27. Bf1 Rd4 28. Rb2 Nd7 29. Nb5 Rf4 30. Rd2 Nf8 31. Nd4 Rh4 32. g3 Rh6 33. f4 f6 34. Bg2 Bxg2 35. Kxg2 fxe5 36. fxe5 Rh5 37. Nc6 Ng6 38. Re2 Rg5 39. Re4 Rf5 40. b5 Rf7 41. b6 Rb7 42. Rb4 Nf8 43. Na5 Rb8 44. b7 Nd7 45. Nc6 Rf8 46. b8=Q Nxb8 47. Rxb8 Rxb8 48. Nxb8 Kf7 49. Kf3 Kg6 50. Ke4 Kg5 51. h3 h5 52. Nc6 Kg6 53. Nd8 h4 54. g4 Kh6 55. Nxe6 g6 56. Kf4 Kh7 57. Kg5 1-0


[Site "https://www.chess.com"]

[Event "Titled Tuesday Blitz February 14 Late 2023"]
[White "Erdogdu, Mert"]
[Black "Deac, Bogdan-Daniel"]
[WhiteFideId "6301495"]
[BlackFideId "1226380"]
[WhiteElo "2413"]
[BlackElo "2700"]
[Result "0-1"]
[Round "03"]
[TimeControl "180+2"]
[Date "2023.02.14"]
[WhiteClock "0:00:35"]
[BlackClock "0:00:06"]

1. e4 c5 2. Nf3 Nc6 3. d4 cxd4 4. Nxd4 Qb6 5. Nb3 Nf6 6. Nc3 e6 7. Bd3 a6 8. Be3 Qc7 9. f4 d6 10. Qf3 b5 11. O-O-O Bb7 12. g4 Be7 13. g5 Nd7 14. Kb1 Na5 15. Qh3 Nc4 16. Bc1 Ndb6 17. Nd4 b4 18. Nce2 g6 19. Rhf1 Bc8 20. f5 e5 21. Nb3 Bd7 22. Qf3 d5 23. fxg6 fxg6 24. Qf7+ Kd8 25. exd5 a5 26. Qg7 Re8 27. Qxh7 a4 28. Nd2 b3 29. cxb3 axb3 30. Nxb3 Qa7 31. Nc3 Bb4 32. Rf2 Bxc3 33. bxc3 Nxd5 34. Rc2 Nxc3+ 35. Rxc3 Qxa2# 0-1


[Site "https://www.chess.com"]

[Event "Titled Tuesday Blitz February 14 Late 2023"]
[White "Hakobyan, Aram"]
[Black "Bernadskiy, Vitaliy"]
[WhiteFideId "13306677"]
[BlackFideId "14100371"]
[WhiteElo "2608"]
[BlackElo "2592"]
[Result "1/2-1/2"]
[Round "03"]
[TimeControl "180+2"]
[Date "2023.02.14"]
[WhiteClock "0:00:06"]
[BlackClock "0:00:15"]

1. e4 c5 2. Nf3 Nc6 3. Bb5 g6 4. O-O Bg7 5. c3 Nf6 6. d4 cxd4 7. e5 Nd5 8. cxd4 O-O 9. Nc3 Nxc3 10. bxc3 d6 11. exd6 exd6 12. Re1 Bf5 13. Bf4 Rc8 14. Nd2 a6 15. Bf1 b5 16. g4 Be6 17. Ne4 d5 18. Nc5 b4 19. Bxa6 bxc3 20. Bxc8 Bxc8 21. Nb3 Qh4 22. Bg3 Qxg4 23. Rc1 Nxd4 24. Nxd4 Bxd4 25. Qxg4 Bxg4 26. Be5 Bxe5 27. Rxe5 Ra8 28. Rxd5 Rxa2 29. Rxc3 Be6 30. Rd8+ Kg7 31. Kg2 h5 32. Rd4 Ra5 33. Re3 Rf5 34. Rb4 Rg5+ 35. Kf1 Rf5 36. Ke1 Rg5 37. Rb7 Kf6 38. Rc7 Rg1+ 39. Kd2 Rg2 40. Rf3+ Bf5 41. h3 Rh2 42. Rcc3 Kg7 43. Ke1 Rh1+ 44. Ke2 Be6 45. Rfe3 Bf5 46. Rg3 Be6 47. Ra3 Bf5 48. Rge3 Be6 49. Rac3 Bf5 50. Kd2 Rh2 51. Rf3 Rh1 52. Rc1 Rxh3 53. Rxh3 Bxh3 54. Ke3 Bf5 55. Kf4 Kf6 56. Rc6+ Be6 57. Rc5 h4 58. Kf3 h3 59. Kg3 Bf5 60. Rc7 Kg7 61. Re7 Kf6 62. Ra7 Be6 63. Ra5 Kg7 64. Ra3 Kf6 65. Re3 Kg7 66. Rf3 Kh6 67. Rd3 Kg7 68. Rd4 Kf6 69. Rh4 Kg7 70. Rf4 Bf5 71. Rb4 Kf6 72. f3 Kg7 73. Rb6 Be6 74. Rb2 Kf6 75. Kf4 Bf5 76. Rd2 Kg7 77. Kg5 Be6 78. Re2 Bf5 79. Kh4 Kh6 80. Kg3 Be6 81. Re5 Kg7 82. f4 Kf6 83. Ra5 Bf5 84. Ra6+ Be6 85. Ra8 Kg7 86. Ra5 Kf6 87. Ra2 Kg7 88. Rd2 Kf6 89. Re2 Kg7 90. Rb2 Bf5 91. Rb5 Kf6 92. Rc5 Kg7 93. Kh2 Kf6 94. Rc3 Kg7 95. Re3 Kf6 96. Kg3 Kg7 97. Re2 Kf6 98. Kf2 Kg7 99. Ke3 Be6 100. Rh2 Kh6 101. Kf3 Kh5 102. Kg3 Kh6 103. Rb2 Kg7 104. Rb8 Kf6 105. Rb5 Kg7 106. Rb1 Kf6 107. Rc1 Kg7 108. Re1 Kf6 109. Kf3 Kg7 110. Re2 Bf5 111. Ke3 Kh6 112. Kf2 Kg7 113. Kg3 Kf6 114. Rd2 Be6 115. Rd6 Kg7 116. Rd1 Kf6 117. Rf1 Kg7 118. Kh4 Kf6 119. Rf2 Bf5 120. Kg3 Kg7 121. Rd2 Kf6 122. Re2 Be6 123. Rd2 Bf5 124. Rd1 Be6 125. Rg1 Bf5 126. Re1 Be6 127. Re2 Bf5 1/2-1/2


[Site "https://www.chess.com"]

[Event "Titled Tuesday Blitz February 14 Late 2023"]
[White "Sai Krishna G V"]
[Black "Bortnyk, Olexandr"]
[WhiteFideId "5028280"]
[BlackFideId "14120828"]
[WhiteElo "2384"]
[BlackElo "2605"]
[Result "0-1"]
[Round "03"]
[TimeControl "180+2"]
[Date "2023.02.14"]
[WhiteClock "0:00:56"]
[BlackClock "0:02:21"]

1. e4 Nf6 2. e5 Nd5 3. d4 d6 4. c4 Nb6 5. f4 dxe5 6. fxe5 Bf5 7. Nc3 e6 8. Nf3 Bb4 9. Be2 c5 10. O-O O-O 11. Be3 cxd4 12. Nxd4 Bg6 13. Ncb5 N8d7 14. Bf4 a6 15. Nd6 Bxd6 16. exd6 e5 17. c5 Nd5 18. Bxe5 Ne3 19. Qc1 Nxf1 20. Bf4 Qf6 21. Nb3 a5 22. Bxf1 a4 23. Bg5 Qe5 24. Bf4 Qe4 25. Nd2 Qxf4 0-1


[Site "https://www.chess.com"]

[Event "Titled Tuesday Blitz February 14 Late 2023"]
[White "Lenderman, Aleksandr"]
[Black "Fernandez Guillen, Ernesto J."]
[WhiteFideId "2021285"]
[BlackFideId "3512428"]
[WhiteElo "2572"]
[BlackElo "2477"]
[Result "0-1"]
[Round "03"]
[TimeControl "180+2"]
[Date "2023.02.14"]
[WhiteClock "0:00:16"]
[BlackClock "0:00:20"]

1. Nf3 Nf6 2. c4 g6 3. Nc3 Bg7 4. e4 d6 5. d4 O-O 6. Be2 e5 7. O-O Nc6 8. Be3 h6 9. d5 Ne7 10. Nd2 Ne8 11. c5 f5 12. f3 f4 13. Bf2 Rf7 14. Nc4 Bf8 15. Rc1 g5 16. cxd6 cxd6 17. Nb5 b6 18. Qa4 Bd7 19. Qb3 Ng6 20. a4 h5 21. a5 bxa5 22. Nxa7 g4 23. Nc6 Qg5 24. Nb6 g3 25. Be1 Qh4 26. hxg3 fxg3 27. Bxg3 Qxg3 28. Rf2 Nf4 29. Kf1 Qh2 30. Ke1 Qg1+ 31. Bf1 Ra6 32. Nxd7 Rxd7 33. Nb8 Raa7 34. Nxd7 Rxd7 35. Rc8 Nf6 36. Qb8 Rf7 37. Qxd6 Nd3+ 38. Kd2 Nxf2 39. Bc4 N2xe4+ 0-1


[Site "https://www.chess.com"]

[Event "Titled Tuesday Blitz February 14 Late 2023"]
[White "Perske, Thore"]
[Black "Terry, Renato"]
[WhiteFideId "12902195"]
[BlackFideId "3803457"]
[WhiteElo "2448"]
[BlackElo "2520"]
[Result "0-1"]
[Round "03"]
[TimeControl "180+2"]
[Date "2023.02.14"]
[WhiteClock "0:00:03"]
[BlackClock "0:00:29"]

1. e4 e6 2. d4 d5 3. Nd2 Be7 4. Bd3 c5 5. dxc5 Nf6 6. Qe2 O-O 7. Ngf3 a5 8. c4 Na6 9. e5 Nd7 10. h4 h6 11. h5 Ndxc5 12. Bb1 Nb4 13. a3 Nc6 14. Rh3 Kh8 15. Rg3 f5 16. cxd5 exd5 17. Rg6 Bd7 18. Rg3 Ne4 19. Rh3 Rc8 20. Bd3 a4 21. Kf1 Qc7 22. Nh4 Bxh4 23. Rxh4 Nxe5 24. Nf3 Ng4 25. Be3 Nxe3+ 26. Qxe3 Rfe8 27. Qd4 Qc5 28. Qxc5 Rxc5 29. Rd1 Bb5 30. Nd4 Bxd3+ 31. Rxd3 Rc1+ 32. Ke2 Rb1 33. Re3 Rxb2+ 34. Ke1 Rc8 35. Kd1 Rd2+ 0-1


[Site "https://www.chess.com"]

[Event "Titled Tuesday Blitz February 14 Late 2023"]
[White "Goltsev, Dmitry"]
[Black "Sanal, Vahap"]
[WhiteFideId "24176710"]
[BlackFideId "6300545"]
[WhiteElo "2269"]
[BlackElo "2600"]
[Result "1-0"]
[Round "03"]
[TimeControl "180+2"]
[Date "2023.02.14"]
[WhiteClock "0:00:03"]
[BlackClock "0:00:01"]

1. e4 c5 2. Nf3 e6 3. d4 cxd4 4. Nxd4 a6 5. Nc3 b5 6. a3 Bb7 7. Be3 Nf6 8. f3 d5 9. exd5 Nxd5 10. Nxd5 Bxd5 11. Be2 Bd6 12. Qd2 O-O 13. O-O Nd7 14. f4 Nf6 15. Bf3 Rc8 16. Rfe1 Qc7 17. c3 Rfd8 18. Rad1 Bxf3 19. Nxf3 Nd5 20. g3 Nxe3 21. Qxe3 Bc5 22. Nd4 Qb6 23. Kg2 Rd5 24. Rd2 Bxd4 25. cxd4 h5 26. Red1 a5 27. h3 a4 28. g4 Rcd8 29. Kg3 Qd6 30. Rc2 Qb8 31. Rdc1 Qb6 32. Rd1 g6 33. Rc5 Kg7 34. Qc3 Qd6 35. Re1 Kg8 36. Rxd5 Qxd5 37. Re5 Qh1 38. Rxb5 Qg1+ 39. Kh4 hxg4 40. hxg4 Qh1+ 41. Kg5 Kh7 42. Kf6 Qh6 43. Rb7 Qxf4+ 44. Ke7 Qd6+ 45. Kf6 Qf4+ 46. Ke7 Rxd4 47. Ke8 Kg8 48. Qc8 Rc4 49. Qd8 Rd4 50. Qc8 Qf6 51. g5 Qf3 52. Ke7+ Kh7 53. Rb8 Rd7+ 54. Qxd7 Kg7 55. Qc8 1-0


[Site "https://www.chess.com"]

[Event "Titled Tuesday Blitz February 14 Late 2023"]
[White "Nasuta, Grzegorz"]
[Black "Chigaev, Maksim"]
[WhiteFideId "1141686"]
[BlackFideId "4108116"]
[WhiteElo "2552"]
[BlackElo "2628"]
[Result "1-0"]
[Round "03"]
[TimeControl "180+2"]
[Date "2023.02.14"]
[WhiteClock "0:00:04"]
[BlackClock "0:00:06"]

1. e4 c5 2. Nf3 e6 3. d4 cxd4 4. Nxd4 Nf6 5. Nc3 Nc6 6. a3 Be7 7. Nxc6 bxc6 8. e5 Nd5 9. Qg4 O-O 10. Bh6 g6 11. Bxf8 Qxf8 12. Nxd5 cxd5 13. Bd3 Qg7 14. Qe2 Rb8 15. c3 d6 16. exd6 Bxd6 17. O-O Bd7 18. Rad1 a5 19. g3 a4 20. Rd2 h5 21. Rfd1 h4 22. Qe3 Qf6 23. Bf1 Kg7 24. Qa7 Qe7 25. Qd4+ Kg8 26. c4 hxg3 27. hxg3 Bc5 28. Qe5 Rb3 29. cxd5 Bd6 30. Qe4 e5 31. Bg2 Kg7 32. Re1 Qf6 33. Re3 Rb8 34. Qc4 Rc8 35. Qe2 Qg5 36. Rd1 Bf5 37. Be4 Bg4 38. Bf3 Bd7 39. Rc3 Rb8 40. Kg2 Rh8 41. Rh1 Rxh1 42. Kxh1 Qh6+ 43. Kg1 Qg5 44. Qe3 Qe7 45. Bg2 Qe8 46. Qb6 Qf8 47. Qb7 Bf5 48. Qb6 e4 49. Qb5 Be5 50. Qxa4 Qd6 51. Bxe4 Bh3 52. Re3 Qc5 53. Qd1 Bd4 54. Rf3 Bg4 55. Qd3 f5 56. Bxf5 gxf5 57. Rf4 Be5 58. Rxg4+ fxg4 59. Qe4 Qd6 60. Qxg4+ Kf8 61. Qf5+ Kg7 62. Qg5+ Kf8 63. Qf5+ Kg7 64. Qg4+ Kf8 65. Qf3+ Kg7 66. b4 Qc7 67. Qg4+ Kf8 68. Qf5+ Kg7 69. Kg2 Bd6 70. Qe6 Qd8 71. a4 Bxb4 72. Qg4+ Kf8 73. Qf4+ Kg8 74. Qg4+ Kh8 75. Qxb4 Qxd5+ 76. Kh2 Qf3 77. Qh4+ Kg8 78. Qf4 Qh5+ 79. Kg2 Qd5+ 80. Qf3 Qa2 81. Qe4 Kf7 82. Qc6 Ke7 83. Qc7+ Ke6 84. Qc6+ Ke5 85. Qb5+ Ke6 86. a5 Kf6 87. a6 Qg8 88. Qc6+ Ke5 89. a7 Qa8 1-0


[Site "https://www.chess.com"]

[Event "Titled Tuesday Blitz February 14 Late 2023"]
[White "Sjugirov, Sanan"]
[Black "Stoyanov, Tsvetan"]
[WhiteFideId "4189302"]
[BlackFideId "2917173"]
[WhiteElo "2712"]
[BlackElo "2454"]
[Result "1-0"]
[Round "03"]
[TimeControl "180+2"]
[Date "2023.02.14"]
[WhiteClock "0:00:47"]
[BlackClock "0:00:01"]

1. d4 d5 2. c4 e5 3. dxe5 d4 4. Nf3 Nc6 5. a3 Nge7 6. b4 Ng6 7. Bb2 a5 8. b5 Ncxe5 9. Nxe5 Nxe5 10. Bxd4 Nxc4 11. e3 Nd6 12. Nd2 Bf5 13. Be2 Be7 14. O-O O-O 15. Qb3 a4 16. Qb2 f6 17. Rfc1 Qd7 18. Nf3 Rfc8 19. Bc5 Ne4 20. Bxe7 Qxe7 21. Nd4 Bd7 22. Bf3 Nd6 23. Qb4 Qe8 24. b6 Ra6 25. Rxc7 Rxc7 26. bxc7 Qc8 27. Rc1 b5 28. Qc5 Kh8 29. h4 h6 30. h5 Nc4 31. Nxb5 Ne5 32. Nd6 Qf8 33. c8=Q Bxc8 34. Qxc8 1-0


[Site "https://www.chess.com"]

[Event "Titled Tuesday Blitz February 14 Late 2023"]
[White "Msellek, Ilyass"]
[Black "Zhigalko, Sergei"]
[WhiteFideId "675938"]
[BlackFideId "13502956"]
[WhiteElo "2420"]
[BlackElo "2572"]
[Result "1-0"]
[Round "03"]
[TimeControl "180+2"]
[Date "2023.02.14"]
[WhiteClock "0:00:50"]
[BlackClock "0:00:02"]

1. d4 Nf6 2. Nf3 e6 3. Bg5 h6 4. Bh4 b6 5. e3 Bb7 6. c3 Be7 7. Nbd2 d6 8. Bd3 Nbd7 9. O-O O-O 10. h3 Nh5 11. Bxe7 Qxe7 12. a4 a6 13. b4 e5 14. dxe5 dxe5 15. Be4 c6 16. Bf5 Rad8 17. Nc4 Ndf6 18. Qc2 e4 19. Nd4 c5 20. bxc5 Qxc5 21. g4 Qxc4 22. gxh5 Bc8 23. Bxc8 Qxc8 24. Kh2 Rd5 25. Rg1 Rxh5 26. Rg3 Rd8 27. Rag1 Kf8 28. Qb3 Rd6 29. Qb4 Ne8 30. Kg2 Rc5 31. Kh2 g6 32. Rg4 Qc7 33. Kh1 Re5 34. Rf4 Kg8 35. Nf5 Rf6 36. Nxh6+ Kg7 37. Rxe4 Kxh6 38. Qf8+ Kh7 39. Rh4+ Rh5 40. Rxh5+ gxh5 41. Qg8+ Kh6 42. Qh8# 1-0


[Site "https://www.chess.com"]

[Event "Titled Tuesday Blitz February 14 Late 2023"]
[White "Livaic, Leon"]
[Black "Darini, Pouria"]
[WhiteFideId "14531534"]
[BlackFideId "12502200"]
[WhiteElo "2579"]
[BlackElo "2401"]
[Result "1-0"]
[Round "03"]
[TimeControl "180+2"]
[Date "2023.02.14"]
[WhiteClock "0:00:08"]
[BlackClock "0:00:01"]

1. d4 Nf6 2. c4 g6 3. Nc3 d5 4. Nf3 Bg7 5. Bg5 Ne4 6. cxd5 Nxg5 7. Nxg5 e6 8. Qd2 exd5 9. Qe3+ Kf8 10. Qf4 Bf6 11. h4 h6 12. Nf3 Kg7 13. O-O-O Be6 14. e4 dxe4 15. Ne5 Nd7 16. Nxe4 Nb6 17. Bd3 Nd5 18. Qf3 Nb4 19. Bc4 Re8 20. Bxe6 Rxe6 21. Nc5 Rb6 22. a3 Na6 23. Ne4 Qd5 24. Nxf6 Qxf3 25. Nxf3 Rxf6 26. Rhe1 Rd8 27. Re7 Rc6+ 28. Kb1 Kf8 29. Re2 Rcd6 30. Red2 Rd5 31. Ne5 c5 32. Nf3 Nc7 33. dxc5 Rxd2 34. Rxd2 Rc8 35. b4 a5 36. Kb2 axb4 37. axb4 Ne6 38. Nd4 Nf4 39. g3 Nd5 40. Kb3 Ne7 41. Nb5 Ra8 42. Rd7 Nc6 43. Rxb7 Ra1 44. Nd6 Rb1+ 45. Kc3 Rc1+ 46. Kb2 Rf1 47. Rxf7+ Kg8 48. b5 Nd4 49. b6 Re1 50. b7 Re2+ 51. Kc3 Nc6 52. Rc7 Nb8 53. Rc8+ Re8 54. Rxe8+ 1-0


[Site "https://www.chess.com"]

[Event "Titled Tuesday Blitz February 14 Late 2023"]
[White "Salimova, Nurgyul"]
[Black "Indjic, Aleksandar"]
[WhiteFideId "2915138"]
[BlackFideId "911925"]
[WhiteElo "2391"]
[BlackElo "2618"]
[Result "0-1"]
[Round "03"]
[TimeControl "180+2"]
[Date "2023.02.14"]
[WhiteClock "0:00:01"]
[BlackClock "0:00:10"]

1. e4 e5 2. Nc3 Nc6 3. g3 Bc5 4. Bg2 d6 5. d3 a5 6. Nge2 Nf6 7. h3 a4 8. a3 h6 9. O-O Nd4 10. Kh2 c6 11. f4 b5 12. Nxd4 Bxd4 13. Ne2 Bb6 14. d4 Qe7 15. Be3 Bc7 16. dxe5 dxe5 17. f5 h5 18. Qe1 Bb7 19. Rd1 c5 20. Nc3 Bc6 21. Qf2 Bb6 22. Nd5 Bxd5 23. exd5 Qd6 24. Qe2 Ra5 25. Bd2 b4 26. Qc4 h4 27. g4 O-O 28. g5 Nh5 29. Qxh4 e4+ 30. Kg1 c4+ 31. Rf2 e3 32. Qxh5 exd2 33. Rxd2 g6 34. Qg4 c3 35. bxc3 bxa3 36. Kh1 Bxf2 37. Rxf2 a2 38. Rf1 Rb5 39. Qxa4 Rb2 40. f6 Rfb8 41. c4 Qe5 42. Qa7 Rxc2 43. d6 Rf8 44. d7 a1=Q 45. Rxa1 Qxg5 0-1


[Site "https://www.chess.com"]

[Event "Titled Tuesday Blitz February 14 Late 2023"]
[White "Perez Ponsa, Federico"]
[Black "Golubka, Petro"]
[WhiteFideId "117927"]
[BlackFideId "14114224"]
[WhiteElo "2532"]
[BlackElo "2371"]
[Result "1-0"]
[Round "03"]
[TimeControl "180+2"]
[Date "2023.02.14"]
[WhiteClock "0:01:25"]
[BlackClock "0:00:06"]

1. e4 c5 2. Nf3 Nc6 3. d4 cxd4 4. Nxd4 e5 5. Nb5 d6 6. N1c3 a6 7. Na3 b5 8. Nd5 Nf6 9. Bg5 Be7 10. Bxf6 Bxf6 11. c3 O-O 12. Nc2 Rb8 13. h4 Be6 14. Nce3 g6 15. g3 h5 16. Bh3 Bg7 17. Kf1 Ne7 18. Nxe7+ Qxe7 19. Kg2 Bh6 20. Nd5 Bxd5 21. Qxd5 Kg7 22. Rhd1 Rfd8 23. Rd3 a5 24. Rad1 a4 25. a3 Rb6 26. Qa2 Qb7 27. Rd5 Kh7 28. Kh2 Bg7 29. Qb1 Rc6 30. Bf1 Rb6 31. Qd3 Bf6 32. Qf3 Kg7 33. Kg2 Be7 34. Bd3 Rc8 35. Bb1 Rc5 36. Ba2 Bf8 37. Rh1 Qd7 38. Rhd1 Qb7 39. g4 hxg4 40. Qxg4 Rxd5 41. Bxd5 Qe7 42. Rd3 Rc6 43. Bxc6 f6 44. Rg3 Qf7 45. Bd5 f5 46. Bxf7 fxg4 47. Be8 1-0


[Site "https://www.chess.com"]